AoeStats
← AiM | CyclopsTron

Pilgrims

508808127Analyzed
4v4 RM · 7d ago on Sep 24, 2026· 15m 58s· 8 players
Game mode
Random Map
Map size
Large (8 player)
Population
200
Speed
Normal
Resources
Standard
Victory
Conquest
Starting age
Dark Age
Ending age
Imperial Age
RankedLock teamsTeams togetherTeam positionsShared explorationLock speedFull tech treeHidden civsTurbo modeCheats
Victory
Defeat
🇯🇵 Varangians · Japan
1689
+10
🇨🇳 Magyars · China
1658
+12
🇵🇪 Vietnamese · Peru
1635
+13
🇺🇸 Dravidians · United States
1498
+18
🇲🇽 Danes · Mexico
1680
-18
🇲🇽 Vietnamese · Mexico
1559
-13
🇨🇱 Spanish · Chile
1543
-13
1448
-9
小白
5:09 Loom
12:00 Feudal Age
14:06 Double-Bit Axe
16:32 Wheelbarrow
bipeng2008
6:23 Loom
9:03 Feudal Age
11:17 Fishing Lines
16:16 Town Watch
うーぺー
4:44 Loom
10:31 Feudal Age
14:46 Castle Age
12:33 Double-Bit Axe
15:44 Medium Warships
15:56 Bow Saw
Longbow
7:52 Loom
10:00 Feudal Age
10:40 Double-Bit Axe
17:21 Castle Age
AiM | CyclopsTron
3:27 Loom
9:06 Feudal Age
11:46 Double-Bit Axe
AiM | CaballeroTemplario
6:40 Loom
14:25 Feudal Age
15:10 Double-Bit Axe
AiM | PoRRo
7:34 Loom
9:03 Loom
AiM | Fubuki Sinri
9:38 Loom
12:36 Feudal Age
14:15 Fishing Lines
14:40 Fletching
15:28 Horse Collar
15:33 Double-Bit Axe
Connection lost

Rejoining the realm…

Still unreachable

The connection could not be restored.

Session expired

The server has moved on; the page needs a fresh start.